 Dungeon Crawl Stone Soup version 0.19.5 (webtiles) character file.

1446 Keye the Destroyer (level 8, 0/41 HPs)
             Began as a Deep Elf Conjurer on May 9, 2017.
             Slain by an adder (1 damage)
             ... on level 6 of the Dungeon.
             The game lasted 00:14:36 (6553 turns).

Keye the Destroyer (Deep Elf Conjurer)              Turns: 6553, Time: 00:14:36

Health: 0/41       AC:  3    Str:  5    XL:     8   Next: 46%
Magic:  14/14      EV: 16    Int: 23    God:
Gold:   235        SH:  0    Dex: 15    Spells: 4 memorised, 3 levels left

rFire  . . .     SeeInvis .     m - +3 quarterstaff (chaos)
rCold  . . .     Gourm    .     a - +0 robe
rNeg   . . .     Faith    .     (shield currently unavailable)
rPois  .         Spirit   .     (no helmet)
rElec  .         Reflect  .     n - +0 cloak
rCorr  .         Harm     .     (no gloves)
MR     .....                    (no boots)
Stlth  ++........               (no amulet)
                                (no ring)
                                (no ring)

@: no status effects
A: no striking features
a: no special abilities


You were on level 6 of the Dungeon.
You were not hungry.

You visited 2 branches of the dungeon, and saw 7 of its levels.

You collected 235 gold pieces.

Inventory:

Hand Weapons
 m - a +3 quarterstaff of chaos (weapon)
Armour
 a - a +0 robe (worn)
 n - a +0 cloak (worn)
Jewellery
 q - an uncursed ring of fire {unknown}
 t - an uncursed ring of see invisible {unknown}
 v - a cursed ring of loudness {unknown}
 x - a +3 ring of strength {unknown}
 A - an uncursed ring of wizardry {unknown}
Wands
 w - a wand of iceblast (5/15)
 y - a wand of disintegration (7/24)
Scrolls
 d - 2 scrolls of noise {unknown}
 g - 5 scrolls of identify
 h - 2 scrolls of enchant armour {unknown}
 j - 3 scrolls of teleportation
 k - 3 scrolls of fog {unknown}
 l - 2 scrolls of immolation {unknown}
 r - a scroll of recharging {unknown}
 s - a scroll of remove curse {unknown}
Potions
 e - 3 potions of flight {unknown}
 o - a potion of berserk rage
 p - 2 potions of mutation {unknown}
 u - 2 potions of curing {unknown}
 z - a potion of beneficial mutation {unknown}
Books
 b - a book of Conjurations

   Spells                             Type                      Level
   a - Magic Dart                     Conjuration                  1
   b - Searing Ray                    Conjuration                  2
   c - Dazzling Spray                 Conjuration/Hexes            3
   d - Fulminant Prism                Conjuration/Hexes            4
   e - Iskenderun's Mystic Blast      Conjuration                  4
   f - Iskenderun's Battlesphere      Conjuration/Charms           5
Comestibles
 c - 4 bread rations
 f - 2 meat rations
 i - a beef jerky
 B - 6 chunks of flesh


   Skills:
 - Level 6.6 Dodging
 - Level 2.4 Stealth
 - Level 3.0 Spellcasting
 * Level 10.8 Conjurations


You had 3 spell levels left.
You knew the following spells:

 Your Spells              Type           Power        Failure   Level  Hunger
a - Magic Dart            Conj           ####         1%          1    None
b - Searing Ray           Conj           ######       1%          2    ##.....
c - Dazzling Spray        Conj/Hex       ####..       4%          3    ###....
d - Fulminant Prism       Conj/Hex       ####......   14%         4    ####...


Dungeon Overview and Level Annotations

Branches:
Dungeon (6/15)             Temple (1/1) D:5

Altars:
Ashenzari
Cheibriados
Dithmenos
Fedhas
Hepliaklqana
Kikubaaqudgha
Makhleb
Nemelex Xobeh
Okawaru
Qazlal
Ru
Sif Muna
Xom
The Shining One


Message History

You are too injured to fight recklessly!
You are too injured to fight recklessly!
You are too injured to fight recklessly!
You are too injured to fight recklessly!
You are too injured to fight recklessly!
You are too injured to fight recklessly!
You are too injured to fight recklessly!
You are too injured to fight recklessly!
You are too injured to fight recklessly!
The phantom blinks!
The adder bites you.
* * * LOW HITPOINT WARNING * * *
The phantom hits you!
* * * LOW HITPOINT WARNING * * *
Some of the chunks of flesh in your inventory have rotted away.
The adder barely misses you. The adder misses you.
The phantom blinks!
The adder closely misses you.
You see here 5 arrows.
The phantom blinks!
The adder bites you.
You die...

..#...# ##### ......# .# ##≈≈≈≈##
.....# ..###≈≈≈≈≈≈###....#
.........≈≈.......
..........≈≈....# ####
......≈≈....≈...##############...
.....≈..≈≈..≈..S@.(..............
.....≈....≈≈§...###)..########.##
......≈≈⌠.?.....# #...# #.#
.......⌠≈≈.(....# #...# #.#
....≈≈....≈§....# #...# #.#
...≈..≈≈..≈.....# #...#### #.#
...≈....≈≈......# #......# #.#
....≈≈.......%..# #......# #.#
.?...≈≈.........# #......# #..


You could see an adder.

Vanquished Creatures
  Sigmund (D:4)
  The ghost of Peloso the Shield-Bearer, an amateur MiFi (D:3)
  2 phantoms (D:4)
  2 ogres
  A centaur (D:6)
  A bullfrog (D:6)
  A water moccasin zombie (D:5)
  A scorpion (D:4)
  A bullfrog zombie (D:5)
  Crazy Yiuf (D:2)
  A bullfrog skeleton (D:4)
  Terence (D:2)
  An iguana (D:5)
  An orc wizard (D:3)
  6 worker ants
  A worker ant zombie (D:5)
  A gnoll (D:1)
  5 adders
  A worm (D:2)
  3 dart slugs
  5 leopard geckos
  5 orcs (D:3)
  4 giant cockroaches
  5 goblins
  9 hobgoblins
  4 jackals (D:4)
  9 kobolds
  3 quokkas
  2 ball pythons
  8 bats
  4 frilled lizards
  7 rats
98 creatures vanquished.

Vanquished Creatures (others)
  The ghost of humperndinck the Conjurer, a novice KoCj (D:5)
  3 fulminant prisms
4 creatures vanquished.

Grand Total: 102 creatures vanquished

Notes
Turn   | Place    | Note
-------+----------+-------------------------------------------
     0 | D:1      | Keye the Deep Elf Conjurer began the quest for the Orb.
     0 | D:1      | Reached XP level 1. HP: 10/10 MP: 6/6
   166 | D:1      | Reached XP level 2. HP: 15/15 MP: 5/8
   355 | D:1      | Reached skill level 5 in Conjurations
   453 | D:1      | Learned a level 2 spell: Searing Ray
   647 | D:1      | Reached XP level 3. HP: 19/19 MP: 7/9
  1235 | D:2      | Noticed Terence
  1249 | D:2      | Killed Terence
  1249 | D:2      | Reached XP level 4. HP: 23/24 MP: 3/10
  1443 | D:2      | Found a runed door.
  1447 | D:2      | Noticed Crazy Yiuf
  1451 | D:2      | Killed Crazy Yiuf
  1451 | D:2      | Reached skill level 6 in Conjurations
  1544 | D:2      | Learned a level 3 spell: Dazzling Spray
  1650 | D:3      | Reached XP level 5. HP: 25/28 MP: 4/11
  2225 | D:3      | Noticed Peloso's ghost (amateur MiFi)
  2240 | D:3      | Killed Peloso's ghost
  2240 | D:3      | Reached skill level 7 in Conjurations
  2240 | D:3      | Reached XP level 6. HP: 32/32 MP: 1/12
  2950 | D:4      | Reached skill level 5 in Dodging
  3085 | D:4      | Learned a level 4 spell: Fulminant Prism
  3140 | D:4      | Noticed Sigmund
  3148 | D:4      | Killed Sigmund
  3148 | D:4      | Reached skill level 8 in Conjurations
  3148 | D:4      | Reached XP level 7. HP: 22/36 MP: 4/13
  3910 | D:4      | Reached skill level 9 in Conjurations
  4309 | D:5      | Entered Level 5 of the Dungeon
  4916 | D:5      | Reached XP level 8. HP: 41/41 MP: 7/14
  4973 | D:5      | Noticed humperndinck's ghost (novice KoCj)
  4985 | D:5      | Killed humperndinck's ghost
  5155 | D:5      | Reached skill level 10 in Conjurations
  5238 | D:5      | Found a staircase to the Ecumenical Temple.
  5246 | Temple   | Entered the Ecumenical Temple
  6546 | D:6      | HP: 1/41 [phantom (7)]
  6553 | D:6      | Slain by an adder

Skill      XL: |  1  2  3  4  5  6  7  8 |
---------------+-------------------------+-----
Conjurations   | 5 6 7 8 9 10 | 10.8
Dodging        | 3 4 5 6 |  6.6
Stealth        | |  2.4
Spellcasting   | |  3.0

Action                   |  1- 3 |  4- 6 |  7- 9 || total
-------------------------+-------+-------+-------++-------
Melee: Unarmed           |       |    23 |       ||    23
       Quarterstaff      |       |     3 |    30 ||    33
 Cast: Magic Dart        |    66 |    62 |    73 ||   201
       Searing Ray       |     3 |     9 |    12 ||    24
       Fulminant Prism   |       |       |     2 ||     2
  Use: Scroll            |       |     3 |       ||     3
       Potion            |       |     1 |       ||     1
  Eat: Chunk             |     1 |     5 |     8 ||    14
       Bread ration      |       |       |     1 ||     1
Armor: Robe              |     4 |    16 |     2 ||    22
Dodge: Dodged            |    12 |    72 |    49 ||   133
